AoeStats
← seenkers

MegaRandom

509130864Analyzed
2v2 RM · 8d ago on Sep 25, 2026· 47m 6s· 4 players
Game mode
Random Map
Map size
Medium (4 player)
Population
200
Speed
Normal
Resources
Standard
Victory
Conquest
Starting age
Dark Age
Ending age
Imperial Age
RankedLock teamsTeams togetherTeam positionsShared explorationLock speedFull tech treeHidden civsTurbo modeCheats
Victory
Defeat
🇺🇿 Mongols · Uzbekistan
938
+14
🇷🇺 Tupi · Russia
873
+17
🇫🇷 Tatars · France
914
-16
🇷🇺 Danes · Russia
878
-15
statere26
6:23 Loom
11:11 Feudal Age
16:19 Castle Age
25:56 Scale Barding Armor
28:03 Fletching
31:41 Double-Bit Axe
33:05 Padded Archer Armor
34:19 Bloodlines
34:40 Bow Saw
36:05 Forging
42:06 Imperial Age
40:51 Husbandry
41:06 Horse Collar
44:31 Gold Mining
44:52 Elite Skirmisher
47:01 Iron Casting
seenkers
3:53 Loom
11:43 Feudal Age
11:49 Man-at-Arms
13:09 Horse Collar
15:16 Arson
24:49 Castle Age
24:20 Fletching
24:35 Padded Archer Armor
25:03 Crossbowman
25:08 Elite Skirmisher
25:56 Bodkin Arrow
26:54 Double-Bit Axe
27:55 Wheelbarrow
28:09 Scale Mail Armor
28:19 Forging
29:05 Town Watch
30:01 Pikeman
30:47 Squires
31:48 Iron Casting
31:25 Gold Mining
32:56 Hamask
33:53 Heavy Plow
35:32 Chain Mail Armor
36:28 Leather Archer Armor
40:38 Imperial Age
40:47 Onager
42:17 Siege Onager
43:16 Bracer
44:22 Siege Onager
Vladislav I (Jagiellon)
3:41 Loom
9:05 Feudal Age
10:17 Double-Bit Axe
11:24 Horse Collar
17:44 Fletching
23:46 Castle Age
22:06 Gold Mining
22:08 Champi Runner
23:42 Wheelbarrow
24:10 Stone Mining
24:35 Forging
24:03 Pikeman
24:53 Squires
25:04 Crossbowman
27:45 Bodkin Arrow
29:12 Champi Warrior
32:48 Caciques
33:42 Town Watch
35:50 Gold Shaft Mining
37:25 Iron Casting
40:44 Imperial Age
38:18 Town Patrol
38:53 Heavy Plow
40:30 Ballistics
41:02 Padded Archer Armor
40:51 Arson
41:19 Bow Saw
41:09 Arbalester
42:50 Conscription
44:34 Curare
48:26 Chemistry
Hunter
10:03 Feudal Age
13:54 Double-Bit Axe
16:53 Bloodlines
17:24 Horse Collar
20:49 Castle Age
20:29 Loom
21:39 Stone Mining
22:05 Bow Saw
23:38 Wheelbarrow
22:57 Gold Mining
23:18 Scale Barding Armor
22:43 Man-at-Arms
23:45 Husbandry
24:46 Arson
26:03 Forging
26:37 Heavy Plow
27:51 Scale Mail Armor
28:54 Long Swordsman
30:06 Chain Barding Armor
34:32 Imperial Age
32:11 Fletching
32:40 Padded Archer Armor
33:22 Stone Shaft Mining
33:12 Bodkin Arrow
34:14 Hand Cart
33:48 Town Watch
35:08 Gold Shaft Mining
36:10 Conscription
36:10 Onager
38:15 Drill
38:21 Town Patrol
38:22 Bracer
40:12 Ballistics
40:53 Chemistry
39:58 Elite Mangudai
41:36 Leather Archer Armor
42:41 Siege Engineers
42:59 Elite Steppe Lancer
Connection lost

Rejoining the realm…

Still unreachable

The connection could not be restored.

Session expired

The server has moved on; the page needs a fresh start.